 Dungeon Crawl Stone Soup version 0.29.0-5-ge4962eb29e (webtiles) character file.

Game seed: 13136630627112308600

1073 Arcadio the Trooper (level 8, -4/69 (71) HPs)
             Began as a Minotaur Berserker on Aug 28, 2022.
             Was a Priest of Trog.
             Slain by a wight
             ... wielding a +3 great sword of freezing
              (14 damage)
             ... on level 6 of the Dungeon.
             The game lasted 00:07:17 (3429 turns).

Arcadio the Trooper (Minotaur Berserker)            Turns: 3429, Time: 00:07:18

HP:   -4/69 (71)    AC: 10    Str: 24    XL:     8   Next: 7%
MP:   7/7           EV: 11    Int: 10    God:    Trog [***...]
Gold: 246           SH:  0    Dex: 10    Spells: 7/7 levels left

rFire   . . .      SeeInvis +   a - +0 hand axe
rCold   . . .      Faith    .   (no shield)
rNeg    . . .      Spirit   .   e - +2 scale mail {rPois}
rPois   +          Reflect  .   (helmet restricted)
rElec   .          Harm     .   v - +0 cloak
rCorr   .          Rampage  .   (no gloves)
Will    .....                   (no boots)
Stlth   ..........              k - amulet of regeneration
HPRegen 1.01/turn               c - ring of see invisible
MPRegen 0.10/turn               d - +6 ring of intelligence

@: on berserk cooldown, slowed, lightly drained, very slow
A: horns 2, retaliatory headbutt
a: Renounce Religion, Berserk, Trog's Hand


You were on level 6 of the Dungeon.
You worshipped Trog.
Trog was most pleased with you.
You visited 1 branch of the dungeon, and saw 6 of its levels.

You collected 246 gold pieces.

Inventory:

Hand Weapons
 a - a +0 hand axe (weapon)
Armour
 b - a +0 animal skin
 e - a +2 scale mail of poison resistance (worn)
 v - a +0 cloak (worn)
Jewellery
 c - a ring of see invisible (left hand)
 d - a +6 ring of intelligence (right hand)
 k - an amulet of regeneration (around neck)
 t - a ring of protection from fire
Wands
 r - a wand of digging (6)
 x - a wand of light (9)
Scrolls
 g - a scroll of magic mapping {unknown}
 h - 3 scrolls of enchant weapon {unknown}
 i - 2 scrolls of teleportation {unknown}
 j - 2 scrolls of butterflies
 l - a scroll of acquirement {unknown}
 o - 2 scrolls of noise {unknown}
 w - 2 scrolls of identify
Potions
 f - 3 potions of curing
 m - a potion of resistance {unknown}
 n - 4 potions of heal wounds
 p - a potion of flight {unknown}
 q - 2 potions of invisibility
 s - a potion of magic {unknown}
 u - a potion of degeneration {unknown}


   Skills:
 + Level 6.7 Fighting
 + Level 6.7 Axes
 + Level 6.1 Armour
 + Level 5.5 Dodging


You had 7 spell levels left.
You didn't know any spells.
Your spell library was empty.

Dungeon Overview and Level Annotations

Branches:
Dungeon (6/15) Zot: 26958
 Temple: D:4-7

Altars:
Okawaru
Wu Jian
Zin

Shops:
D:1 (   D:4 [

Annotations:
D:5 1 transporter, Karim's ghost, amateur GrFi


Innate Abilities, Weirdness & Mutations

You have a pair of horns on your head.
You reflexively headbutt those who attack you in melee.


Message History

The wight hits you with a +3 great sword of freezing.
The wight freezes you.
You closely miss the iguana.
The iguana is heavily wounded.
You barely miss the wight. x2; The iguana bites you.
The wight hits you with a +0 great sword!
You feel drained.
The wight hits you with a +3 great sword of freezing.
The wight freezes you. The wight barely misses you.
You slash the iguana!
The iguana is almost dead.
You slash the wight! You hit the wight. You slash the iguana!
You kill the iguana!
Trog accepts your kill.
You hit the wight. You hit the wight but do no damage.
The wight closely misses you. You furiously retaliate!
You headbutt the wight!
You destroy the wight!
Trog accepts your kill.
The wight hits you with a +3 great sword of freezing!
* * * LOW HITPOINT WARNING * * *
You feel drained.
* * * LOW HITPOINT WARNING * * *
The wight freezes you.
* * * LOW HITPOINT WARNING * * *
The wight hits you from afar with a +4 halberd.
* * * LOW HITPOINT WARNING * * *
Your Armour skill increases to level 6!
You have reached level 8!
You feel stronger.
The wight hits you with a +3 great sword of freezing!
* * * LOW HITPOINT WARNING * * *
The wight freezes you.
* * * LOW HITPOINT WARNING * * *
You feel a strong urge to attack something.
You feel your anger nearly subside.
You are no longer berserk.
You are exhausted.
You feel yourself slow down.
The wight hits you with a +3 great sword of freezing!
You die...

##### #...#
#...#####
#.......###
#...###...#
#...#####.#
#.....@z.z##
########...##
#.z..####
####....###
##)†...#
##..♣.....
#..._....
#..♣.....
#........


You could see 3 wights.

Vanquished Creatures
  Menkaure (D:5)
  An ogre (D:5)
  A centaur (D:5)
  A necrophage (D:4)
  2 scorpions
  A wight (D:6)
  2 howler monkeys
  A hound (D:5)
  2 jellies
  An orc priest (D:5)
  3 iguanas
  2 orc wizards
  9 gnolls
  7 adders
  An ufetubus (D:5)
  3 worms
  3 dart slugs
  11 orcs
  4 endoplasms
  A giant cockroach (D:4)
  4 hobgoblins
  4 jackals (D:3)
  3 kobolds
  4 quokkas
  5 ball pythons
  2 bats
  2 frilled lizards
  2 goblins
  2 rats (D:1)
85 creatures vanquished.

Notes
Turn   | Place    | Note
-------+----------+-------------------------------------------
     0 | D:1      | Arcadio the Minotaur Berserker began the quest for the Orb.
     0 | D:1      | Reached XP level 1. HP: 19/19 MP: 0/0
   363 | D:1      | Found Gioc's Weapon Boutique.
   504 | D:1      | Reached XP level 2. HP: 23/27 MP: 1/1
   592 | D:1      | Found a faded altar of an unknown god.
  1078 | D:2      | Reached XP level 3. HP: 33/33 MP: 2/2
  1302 | D:2      | Reached ** piety under Trog
  1783 | D:3      | Reached XP level 4. HP: 41/41 MP: 3/3
  1808 | D:3      | Found an iron altar of Okawaru.
  1930 | D:4      | Found Luywn's Antique Armour Boutique.
  1992 | D:5      | Entered Level 5 of the Dungeon
  1992 | D:5      | Noticed a scorpion
  2004 | D:4      | Reached XP level 5. HP: 47/47 MP: 4/4
  2117 | D:4      | Found an ornate altar of the Wu Jian Council.
  2124 | D:4      | Noticed a spectral centipede
  2124 | D:4      | Noticed a spectral black mamba
  2124 | D:4      | Noticed a spectral cane toad
  2347 | D:4      | Reached skill level 5 in Fighting
  2347 | D:4      | Reached skill level 5 in Axes
  2419 | D:4      | Reached XP level 6. HP: 55/56 MP: 5/5
  2732 | D:5      | Reached *** piety under Trog
  2733 | D:5      | Found a transporter.
  2734 | D:5      | Noticed Karim's ghost (amateur GrFi)
  2914 | D:5      | Reached skill level 5 in Armour
  2914 | D:5      | Reached XP level 7. HP: 62/62 MP: 6/6
  2975 | D:5      | Noticed Menkaure
  3001 | D:5      | Killed Menkaure
  3002 | D:5      | Reached skill level 5 in Dodging
  3165 | D:5      | Identified the +5 giant club of Severance {vorpal, rElec
                  | rCorr Int+3}
  3390 | D:6      | Found a glowing silver altar of Zin.
  3424 | D:6      | Reached XP level 8. HP: 20/69 MP: 7/7
  3429 | D:6      | Slain by a wight

Illustrated notes

Levels and vault maps discovered:
D:1:      pf_arrival_petrified_forest, layout_loops_corners, serial_shops,
          nicolae_shop_window_shopping, ebering_ecumenical_altar_abandoned,
          corexii_hall_statues_s
D:2:      layout_loops_ring, chequers_serial_rivers_large_a,
          hangedman_decor_clover_reticule
D:3:      layout_basic, nicolae_overflow_crystal_walls,
          chequers_serial_rivers_large_b, dreamdust_mushroom_princess,
          nicolae_kite_square_tiling_tiny, kennysheep_generic_room_15
D:4:      layout_loops_cross, pdpol_wu_jian_five_deadly_venoms, serial_shops,
          shop, grunt_ministairs_13
D:5:      layout_basic, gammafunk_ghost_smash, kennysheep_minor_cross,
          uniq_menkaure
D:6:      layout_rooms, minmay_temple_entry_enclosed_plants,
          gammafunk_ghost_grave, hangedman_feature_mirror

Skill      XL: |  1  2  3  4  5  6  7 |
---------------+----------------------+-----
Fighting       | 4 5 6 |  6.7
Axes           | 4 5 6 |  6.7
Armour         | 3 4 5 6 |  6.1
Dodging        | 3 4 5 |  5.5

Action                   |  1- 3 |  4- 6 |  7- 9 || total
-------------------------+-------+-------+-------++-------
Melee: Hand axe          |    76 |   127 |    48 ||   251
       Headbutt          |    10 |    20 |     9 ||    39
       Punch             |       |     3 |       ||     3
Invok: Berserk           |     1 |     1 |     2 ||     4
  Use: Scroll            |       |     4 |       ||     4
Armor: Scale mail        |    28 |    61 |    12 ||   101
Dodge: Dodged            |    41 |    72 |    29 ||   142
